 Dungeon Crawl Stone Soup version 0.22-a0-192-g6ffc940 (webtiles) character file.

7 4thArraOfDagon the Sneak (level 1, -13/10 HPs)
             Began as a Felid Wanderer on Feb 16, 2018.
             Mangled by Menkaure (23 damage)
             ... on level 6 of the Dungeon.
             The game lasted 00:02:04 (382 turns).

4thArraOfDagon the Sneak (Felid Wanderer)            Turns: 382, Time: 00:02:05

Health: -13/10     AC:  1    Str:  9    XL:     1   Next: 83%
Magic:  2/2        EV: 18    Int: 18    God:
Gold:   53         SH:  0    Dex: 14    Spells: 0/0 levels left
                                        Lives:  0   Deaths: 0

rFire    . . .     SeeInvis +     - Unarmed
rCold    . . .     Gourm    .   (shield unavailable)
rNeg     . . .     Faith    .   (armour unavailable)
rPois    .         Spirit   .   (helmet unavailable)
rElec    .         Reflect  .   (cloak unavailable)
rCorr    .         Harm     .   (gloves unavailable)
MR       .....                  (boots unavailable)
Stlth    +++.......             (no amulet)
HPRegen  0.03/turn              (no ring)
MPRegen  0.08/turn              (no ring)

@: brilliant, flying, quick
A: very small, no armour, no weapons or thrown items, stealth, claws 1, fangs 3,
see invisible, carnivore, speed 1, shaggy fur 1, slow metabolism 1, sharp paws
a: no special abilities


You were on level 6 of the Dungeon.
You were full.

You visited 1 branch of the dungeon, and saw 6 of its levels.

You collected 53 gold pieces.

Inventory:

Scrolls
 b - a scroll of teleportation
 d - 2 scrolls of enchant armour
Potions
 a - 2 potions of heal wounds
 f - 2 potions of curing {unknown}
 g - 2 potions of might {unknown}
Books
 i - a book of Cantrips

   Spells                             Type                      Level
   a - Confusing Touch                Hexes                        1
   b - Animate Skeleton               Necromancy                   1
   c - Summon Small Mammal            Summoning                    1
   d - Apportation                    Translocation                1
Comestibles
 c - 2 rations


   Skills:
 - Level 3.0 Fighting
 + Level 2.9 Dodging
 + Level 4.2 Stealth
 * Level 1.5 Unarmed Combat
   Level 1.1 Evocations


You couldn't memorise any spells.
You didn't know any spells.

Dungeon Overview and Level Annotations

Branches:
Dungeon (6/15)
 Temple: D:4-7

Altars:
Dithmenos
Elyvilon
Zin

Annotations:
D:6 Menkaure


Innate Abilities, Weirdness & Mutations

You cannot wear armour.
You are incapable of wielding weapons or throwing items.
Your paws allow you to move quietly. (Stealth)
You have sharp claws.
You have razor-sharp teeth.
You have supernaturally acute eyesight. (SInv)
You are carnivorous and can eat meat at any time.
You cover ground quickly.
You are covered in fur. (AC +1)
You have a slow metabolism.
Your sharp claws are effective at attacking unaware monsters.


Message History

Unknown command.
Found a grey potion.
Unknown command.
g - 2 grey potions (gained 1)
There are no items here.
Unknown command.
Unknown command.
Menkaure opens the door.
Unknown command.
It was a potion of flight.
You feel very buoyant.
You fly up into the air.
Menkaure shouts!
You hear a shout!
Menkaure barely misses you.
It was a potion of brilliance.
You feel clever all of a sudden.
Menkaure rustles, "From dust you came, to dust you will return."
Menkaure hits you!!
Ouch! That really hurt!
You die...

## #.# ... #.#
##.# #.# #...##
#o#
≈≈.M.≈≈#######
≈..♣..≈#....>#
.........###.#
♣._.♣...###.##
[.........M@..#
≈..♣..≈#'###..#
≈≈...≈≈ #..#
#...## #..#
....# #..# ####
#..# #..# ####


You could see Menkaure.

Vanquished Creatures
  A bat (D:1)
  A goblin (D:1)
  A quokka (D:4)
  2 frilled lizards (D:1)
  2 rats (D:1)
7 creatures vanquished.

Notes
Turn   | Place    | Note
-------+----------+-------------------------------------------
     0 | D:1      | 4thArraOfDagon the Felid Wanderer began the quest for the Orb.
     0 | D:1      | 4thArraOfDagon set off with: a potion of heal wounds, 2 scrolls of teleportation, a ration
     0 | D:1      | Reached XP level 1. HP: 10/10 MP: 2/2
   162 | D:2      | Found a shadowy altar of Dithmenos.
   313 | D:4      | Found a glowing silver altar of Zin.
   348 | D:5      | Entered Level 5 of the Dungeon
   360 | D:6      | Noticed an orc wizard
   365 | D:6      | Found a white marble altar of Elyvilon.
   367 | D:6      | Noticed Menkaure
   382 | D:6      | Mangled by Menkaure

Vault maps used:
D:1:      lightli_arrival_boilingwater, roderic_roman_lattice
D:2:      kennysheep_the_goblin_king, nicolae_dithmenos_through_a_glass_darkly,
          lemuel_round_altar, first_ration, uniq_robin
D:3:      hangedman_decor_diamond_cutter
D:4:      lemuel_coloured_pillars_altar, nicolae_overflow_crystal_walls,
          nemelex_xobeh_ov_fountains_minmay,
          minmay_temple_entry_enclosed_plants, guppyfry_shop_venom, uniq_sigmund
D:5:      okawaru_metal_pillars_1_2, enter_ossuary_3, kb_lookout_dungeons_type
D:6:      elyvilon_altar_4, uniq_grinder, uniq_menkaure, uniq_blork_the_orc

Action                   || total
-------------------------++-------
Melee: Unarmed           ||    18
  Use: Scroll            ||     2
       Potion            ||     2
 Stab: Sleeping          ||     5
  Eat: Chunk             ||     2
Dodge: Dodged            ||    14

Table legend:
 A = Spawn XP
 B = Non-spawn XP
 C = Spawn XP percentage of total XP
 D = Spawn monster count
 E = Non-spawn monster count
 F = Spawn count percentage of total count
 G = Total turns spent on level
                    A         B        C        D         E        F      G
               +---------+---------+-------+---------+---------+-------+---------
         Total |       0 |      10 |   0.0 |       0 |       7 |   0.0 |   382
               +---------+---------+-------+---------+---------+-------+---------
           D:1 |       0 |       8 |   0.0 |       0 |       6 |   0.0 |    99
           D:4 |       0 |       2 |   0.0 |       0 |       1 |   0.0 |    79
               +---------+---------+-------+---------+---------+-------+---------
